cohdb
Replays
Latest Replays
All Replays
Popular Replays
Top Player Replays
Match Explorer
How It Works
Community
CoH3 Stats
Reddit
Sign in to upload your games and track your stats! →
Sign in with Steam
Match 40922163
Unlisted
Match 40922163
Overview
Messages
Build Orders
End
Panzergrenadier Squad
Panzergrenadier Squad
Panzergrenadier Squad
Construct Light Support Kompanie
MG34 Team
Selects Panzerjäger Kommand Battlegroup
Selects Mine Fields
Panzerjäger Squad
Fire Support Elements
2.5-tonne Medical Truck
MG34 Team
Flakvierling Half-track
Selects Defensive Positions
Construct Panzerarmee Kommand
Panzerjäger Squad
Selects Tank Busters
Selects Butterfly Bomb Drop
Butterfly Bomb Drop
Walking Stuka Rocket Launcher
Panzer III L Medium Tank
Armored Reserves
Selects Crew Shock Tactics
Tiger Heavy Tank
Butterfly Bomb Drop
Butterfly Bomb Drop
Tiger Heavy Tank
Veteran Squad Leaders
Emergency Repair Kits
Flakvierling Half-track
Selects Anti-tank Overwatch
Rapid Advance
GhoxxY
Leo invictum
Commander Toby
Aherion
0
0
Comments
sign in to comment!
No comments posted yet!